 Dungeon Crawl Stone Soup version 0.28.0 (webtiles) character file.

Game seed: 14443999357372856159

35 HallandMoats the Skirmisher (level 3, 29/29 HPs)
             Began as a Demonspawn Monk on Feb 6, 2022.
             Was a Priest of Lugonu.
             Got out of the dungeon alive.
             The game lasted 00:01:23 (1422 turns).

HallandMoats the Skirmisher (Demonspawn Monk)       Turns: 1422, Time: 00:01:24

Health: 29/29      AC:  4    Str: 13    XL:     3   Next: 16%
Magic:  3/3        EV: 12    Int: 11    God:    Lugonu [***...]
Gold:   52         SH:  0    Dex: 15    Spells: 2/2 levels left

rFire   + . .      SeeInvis .     - Unarmed
rCold   . . .      Faith    .   (no shield)
rNeg    . . .      Spirit   .   b - +0 leather armour
rPois   .          Reflect  .   (no helmet)
rElec   .          Harm     .   c - +0 cloak
rCorr   .          Rampage  .   (no gloves)
Will    .....                   (no boots)
Stlth   ++........              (no amulet)
HPRegen 0.09/turn               d - ring of protection from fire
MPRegen 0.08/turn               (no ring)

@: no status effects
A: hooves 1
a: Renounce Religion, Depart the Abyss, Bend Space, Banish


You escaped.
You worshipped Lugonu.
Lugonu was most pleased with you.
You visited 1 branch of the dungeon, and saw 1 of its levels.

You collected 52 gold pieces.

Inventory:

Armour
 b - a +0 leather armour (worn)
 c - a +0 cloak (worn)
Jewellery
 d - a ring of protection from fire (left hand)
Potions
 a - a potion of brilliance {unknown}


   Skills:
 * Level 3.5 Fighting
 + Level 0.6 Armour
 + Level 2.9 Dodging
 - Level 1.7 Stealth
 * Level 3.0 Unarmed Combat
 + Level 1.1 Invocations


You had 2 spell levels left.
You didn't know any spells.
Your spell library was empty.

Dungeon Overview and Level Annotations

Branches:
Dungeon (1/15)

Altars:
Lugonu


Innate Abilities, Weirdness & Mutations

You have large cloven feet.


Message History

No target in view!
No target in view!
No target in view!
No target in view!
A hobgoblin comes into view.
There is a faded altar of an unknown god here.
You cannot tell which god this altar belongs to.
Convert to them anyway?
Lugonu accepts your prayer! Lugonu welcomes you!
You can now depart the Abyss.
You can now bend space around yourself.
You can now banish your foes.
(D) Dungeon
Where to? (Enter - D:1 @ (x,y), ? - help)
What level of the Dungeon? (default 1, ? - help)
A hobgoblin is nearby!
Unknown command.
Press < or > to pray at altars.
Unknown command.
Press < or > to pray at altars.
The hobgoblin shouts!
The hobgoblin closely misses you.
You barely miss the hobgoblin. The hobgoblin misses you.
You hit the hobgoblin but do no damage.
The hobgoblin hits you but does no damage.
You closely miss the hobgoblin.
You kick the hobgoblin, but do no damage.
The hobgoblin closely misses you.
You hit the hobgoblin. You kick the hobgoblin.
You kill the hobgoblin!
Lugonu accepts your kill.
No target in view!
(D) Dungeon
Where to? (Enter - D:9, ? - help)
What level of the Dungeon? (default 1, ? - help)
There is a dry fountain here.
You see here a +0 short sword.
There is a large open door here.
There is a staircase leading out of the dungeon here.
Are you sure you want to leave the Dungeon?
This will make you lose the game!
You have escaped!

......#.#.#>........####......#..
......#.#.#.##########........#..
........#.#..# #......#.....##..
......###....## #.###..########..
...)..######..###.#....# #..
......#...........#.#.###########
......#.#####.......#............
......#.#...##.##################
......#.#.#.##.#@######.≈.####.##
......#.#.#....#.#P.≈#.≈.≈.##.≈.#
......#.#......#P..≈..≈≈≈≈≈..≈≈≈.
#######.######.#≈.≈≈≈≈≈≈≈≈≈≈≈≈≈≈≈
#........#≈≈≈≈≈≈≈≈≈≈≈≈≈≈≈≈≈
######..#####.#≈≈≈≈≈≈≈P≈≈≈≈≈≈≈P≈
#.......#####.#≈≈≈≈≈≈≈≈≈≈P≈≈≈.≈.
#.####........#≈≈≈P≈≈≈PPPP≈.≈...
##'###########.##################


There were no monsters in sight!

Vanquished Creatures
  A bat (D:1)
  8 endoplasms (D:1)
  A giant cockroach (D:1)
  5 goblins (D:1)
  A hobgoblin (D:1)
  3 jackals (D:1)
  2 quokkas (D:1)
  3 ball pythons (D:1)
  A kobold (D:1)
  3 rats (D:1)
28 creatures vanquished.

Vanquished Creatures (others)
  5 plants (D:1)
5 creatures vanquished.

Grand Total: 33 creatures vanquished

Notes
Turn   | Place    | Note
-------+----------+-------------------------------------------
     0 | D:1      | HallandMoats the Demonspawn Monk began the quest for the
                  | Orb.
     0 | D:1      | Reached XP level 1. HP: 18/18 MP: 1/1
    70 | D:1      | Gained mutation: You have large cloven feet. [demonic
                  | ancestry]
    70 | D:1      | Reached XP level 2. HP: 5/24 MP: 2/2
  1052 | D:1      | Reached skill level 1 in Invocations
  1215 | D:1      | Reached XP level 3. HP: 22/29 MP: 3/3
  1316 | D:1      | Found a faded altar of an unknown god.
  1349 | D:1      | Prayed at the altar of an unknown god.
  1349 | D:1      | Became a worshipper of Lugonu the Unformed
  1349 | D:1      | Reached * piety under Lugonu
  1349 | D:1      | Reached ** piety under Lugonu
  1349 | D:1      | Reached *** piety under Lugonu
  1422 | D:$      | Got out of the dungeon alive.

Illustrated notes

Levels and vault maps discovered:
D:1:      lightli_arrival_windingriver, layout_basic,
          hellmonk_ecumenical_altar_crossroads

Skill      XL: |  1  2 |
---------------+-------+-----
Unarmed Combat | 3 |  3.0
Invocations    | 1 |  1.1
Fighting       | |  3.5
Armour         | |  0.6
Dodging        | |  2.9
Stealth        | |  1.7

Action                   || total
-------------------------++-------
Melee: Unarmed           ||    96
       Punch             ||     2
       Kick              ||    12
 Stab: Sleeping          ||     3
Armor: Robe              ||     7
       Leather armour    ||    14
Dodge: Dodged            ||    49
